 Dungeon Crawl Stone Soup version 0.20-a0-1121-gbb42413 (webtiles) character file.

128 TheGoonsmith the Cutter (level 5, -5/25 HPs)
             Began as a Vine Stalker Enchanter on May 10, 2017.
             Slain by Grinder (7 damage)
             ... on level 3 of the Dungeon.
             The game lasted 00:05:00 (2452 turns).

TheGoonsmith the Cutter (Vine Stalker Enchanter)    Turns: 2452, Time: 00:05:01

Health: -5/25      AC:  5    Str: 11    XL:     5   Next: 11%
Magic:  0/9        EV: 12    Int: 15    God:
Gold:   76         SH:  0    Dex: 15    Spells: 2/8 levels left

rFire    . . .     SeeInvis .   i - +0 dagger (drain)
rCold    . . .     Gourm    .   (no shield)
rNeg     . . .     Faith    .   b - +0 robe
rPois    .         Spirit   +   r - +0 helmet
rElec    .         Reflect  .   (no cloak)
rCorr    .         Harm     .   n - +1 pair of gloves
MR       .....                  (no boots)
Stlth    ++........             (no amulet)
Regen    0.5/turn               (no ring)
MPRegen  0.2/turn               (no ring)

@: hasted, very quick
A: fangs 2, regeneration 1, magic shield, antimagic bite, no potion heal 3, rot
immunity
a: no special abilities


You were on level 3 of the Dungeon.
You were not hungry.

You visited 1 branch of the dungeon, and saw 3 of its levels.

You collected 76 gold pieces.

Inventory:

Hand Weapons
 a - a +1 dagger
 i - a +0 dagger of draining (weapon)
Armour
 b - a +0 robe (worn)
 k - a cursed +0 buckler
 n - a +1 pair of gloves (worn)
 r - a +0 helmet (worn)
Jewellery
 m - a +5 ring of slaying {unknown}
 o - an uncursed amulet of the gourmand {unknown}
Scrolls
 f - 6 scrolls of identify {unknown}
 g - 2 scrolls of teleportation {unknown}
 j - a scroll of fog {unknown}
 l - 2 scrolls of remove curse {unknown}
 q - a scroll of immolation {unknown}
 t - a scroll of fear {unknown}
 v - a scroll of amnesia {unknown}
Potions
 e - a potion of heal wounds {unknown}
 p - a potion of lignification {unknown}
 s - a potion of haste
Books
 c - a book of Maledictions

   Spells                             Type                      Level
   a - Corona                         Hexes                        1
   b - Ensorcelled Hibernation        Hexes/Ice                    2
   c - Confuse                        Hexes                        3
   d - Tukima's Dance                 Hexes                        3
   e - Dazzling Spray                 Conjuration/Hexes            3
Comestibles
 d - 5 bread rations
 h - 3 fruits
 u - a chunk of flesh


   Skills:
 + Level 0.3 Fighting
 - Level 4.2 Short Blades
 - Level 1.5 Dodging
 - Level 3.6 Stealth
 - Level 2.1 Spellcasting
 - Level 3.0 Hexes


You had 2 spell levels left.
You knew the following spells:

 Your Spells              Type           Power        Failure   Level  Hunger
a - Corona                Hex            ##.....      6%          1    #......
b - Ensorcelled Hibernat  Hex/Ice        #.....       19%         2    ###....
c - Confuse               Hex            ##......     19%         3    ###....


Dungeon Overview and Level Annotations

Branches:
Dungeon (3/15)

Altars:
Fedhas
Hepliaklqana
Zin

Annotations:
D:3 exclusion: oklob plant, Grinder


Innate Abilities, Weirdness & Mutations

You have extremely sharp teeth.
Your natural rate of healing is unusually fast.
When hurt, damage is shared between your health and your magic reserves.
Your bite disrupts and absorbs the magic of your enemies.
Potions cannot restore your health.
You are immune to rotting.


Message History

You hit Grinder but do no damage.
Grinder is lightly wounded.
Grinder hits you.
You writhe in agony.
You hit Grinder.
Grinder is lightly wounded.
Grinder hits you.
You writhe in agony.
You hit Grinder.
Grinder is lightly wounded.
You hit Grinder.
Grinder is moderately wounded.
Grinder closely misses you.
You hit Grinder. Your bite misses Grinder.
Grinder is moderately wounded.
Grinder hits you.
* * * LOW HITPOINT WARNING * * *
You writhe in agony.
* * * LOW HITPOINT WARNING * * *
Okay, then.
It was a potion of haste.
You feel yourself speed up. Grinder hits you!
You die...

..[. #.# .# ...
#.# ..#
..##.##%.#
........###
#l.... ....
#.###.#.##..#
#.....(..g.#
#.#######(#.(.##
#(....@5lg#.##.#
###########.# g#
#.# #.# #.. ###


You could see Grinder, a goblin and a frilled lizard.

Vanquished Creatures
  Robin (D:3)
  A gnoll (D:2)
  3 adders (D:2)
  An ooze (D:2)
  A worm (D:2)
  2 dart slugs
  An orc (D:3)
  5 giant cockroaches
  16 goblins
  9 hobgoblins
  12 bats
  2 frilled lizards (D:2)
  4 kobolds
  7 rats
65 creatures vanquished.

Notes
Turn   | Place    | Note
-------+----------+-------------------------------------------
     0 | D:1      | TheGoonsmith the Vine Stalker Enchanter began the quest for the Orb.
     0 | D:1      | Reached XP level 1. HP: 9/9 MP: 4/4
    75 | D:1      | Reached skill level 1 in Short Blades
   258 | D:1      | Reached XP level 2. HP: 12/13 MP: 6/6
   292 | D:1      | You fall through a shaft!
   346 | D:2      | Reached skill level 2 in Short Blades
   524 | D:2      | Learned a level 2 spell: Ensorcelled Hibernation
   660 | D:2      | Reached XP level 3. HP: 10/16 MP: 7/7
   878 | D:2      | Reached skill level 3 in Short Blades
   910 | D:2      | Learned a level 3 spell: Confuse
   925 | D:2      | Gained mutation: Your natural rate of healing is unusually fast. [Vine Stalker growth]
   925 | D:2      | Reached XP level 4. HP: 14/21 MP: 8/8
  1958 | D:3      | Noticed Robin
  2018 | D:3      | Killed Robin
  2018 | D:3      | Reached skill level 4 in Short Blades
  2160 | D:3      | Reached XP level 5. HP: 24/24 MP: 9/9
  2198 | D:3      | Found a hazy altar of Hepliaklqana.
  2199 | D:3      | Found a glowing silver altar of Zin.
  2258 | D:3      | Found a blossoming altar of Fedhas.
  2273 | D:3      | Noticed an oklob plant
  2423 | D:3      | Noticed Grinder
  2450 | D:3      | HP: 1/25 [Grinder (5)]
  2452 | D:3      | Slain by Grinder

Vault maps used:
D:1:      wheals_arrival_linesprint
D:2:      minmay_tromino_v7
D:3:      tgw_fedhas, chequers_temple_overflow_statue_of_worship, first_bread,
          uniq_robin, uniq_grinder

Skill      XL: |  1  2  3  4 |
---------------+-------------+-----
Short Blades   | 1 2 3 4 |  4.2
Fighting       | |  0.3
Dodging        | |  1.5
Stealth        | |  3.6
Spellcasting   | |  2.1
Hexes          | |  3.0

Action                   |  1- 3 |  4- 6 || total
-------------------------+-------+-------++-------
Melee: Dagger            |    95 |    98 ||   193
       Bite              |    20 |    27 ||    47
  Use: Potion            |       |     1 ||     1
 Stab: Sleeping          |     3 |     7 ||    10
  Eat: Chunk             |       |     5 ||     5
Armor: Robe              |    13 |    16 ||    29
Dodge: Dodged            |    60 |    53 ||   113
